 Dungeon Sprint DCSS version 0.26-a0-708-g17f3b190f9 (webtiles) character file.

Game seed: 10845424166690491014

538641 mhtbhm the Minotaur Barricade (level 21, -1/224 HPs)
             Began as a Minotaur Fighter on Oct 27, 2020.
             Was the Champion of Okawaru.
             Engulfed by Gloorx Vloq's foul pestilence (5 damage)
             ... in the Dungeon (Sprint IX: "|||||||||||||||||||||||||||||") on Oct 28, 2020.
             The game lasted 00:26:53 (12017 turns).

mhtbhm the Minotaur Barricade (Minotaur Fighter)   Turns: 12017, Time: 00:26:54

Health: -1/224     AC: 43    Str: 43    XL:     21   Next: 83%
Magic:  37/37      EV: 24    Int:  8    God:    Okawaru [******]
Gold:   1014       SH: 23    Dex: 14    Spells: 22/22 levels left

rFire    + + +     SeeInvis +   a - +5 demon whip "Bysemm" {elec, rElec rPois rN+ Dex+2}
rCold    + + +     Faith    .   c - +2 shield of Resistance {rF++ rC++ MR++}
rNeg     + . .     Spirit   .   b - +9 gold dragon scales
rPois    +         Reflect  .   y - +1 hat
rElec    +         Harm     .   r - scarf {rC+ rF+}
rCorr    .         Rampage  .   o - +0 pair of gloves {Str+3}
MR       +++++     Rnd*Rage +   n - +2 pair of boots {Fly} Stlth ++........NoTele +
                                Q - amulet "Aqaont" {MR+ Regen+ Str+3 Int+3}
HPRegen  0.87/turn              v - ring of Stoicism {*Contam rElec rF+ SInv}
MPRegen  0.25/turn              C - +6 ring of strength

@: lethally poisoned (-1 -> -32), heroism, slowed, very slow
A: retaliatory headbutt, horns 2, berserk 1, magic resistance 1, strong 1,
subdued magic 1
}: 9/17 runes: decaying, serpentine, barnacled, slimy, elven, silver, golden,
abyssal, gossamer
a: Heroism, Finesse, Renounce Religion, Evoke Flight


You were in the Dungeon.
You worshipped Okawaru.
Okawaru was exalted by your worship.
You visited 1 branch You collected 1944 gold pieces.
You spent 930 gold pieces at shops.

Inventory:

Hand Weapons
 a - the +5 demon whip "Bysemm" (weapon) {elec, rElec rPois rN+ Dex+2}
   (You found it in the Dungeon)

   Occasionally, upon striking a foe, it will discharge some electrical energy
   and cause terrible harm.
   It affects your dexterity (+2).
   It insulates you from electricity.
   It protects you from poison.
   It protects you from negative energy.
 D - a +4 demon whip of flaming
Missiles
 q - 24 javelins (quivered)
 u - 14 curare-tipped darts
 G - 7 datura-tipped darts
 K - 19 atropa-tipped darts
Armour
 b - +9 gold dragon scales (worn)
 c - the +2 shield of Resistance (worn) {rF++ rC++ MR++}
   (You found it in the Dungeon)

   It greatly protects you from fire.
   It greatly protects you from cold.
   It affects your resistance to hostile enchantments.
 n - a +2 pair of boots of flying (worn)
 o - a +0 pair of gloves of strength (worn)
 r - a scarf of resistance (worn)
 y - a +1 hat (worn)
Jewellery
 p - an uncursed ring of see invisible
 v - the ring of Stoicism (left hand) {*Contam rElec rF+ SInv}
   (You bought it in a shop in the Dungeon)

   [ring of protection from fire]

   It protects you from fire.
   It insulates you from electricity.
   It lets you see invisible.
   It causes magical contamination when unequipped.
 C - a +6 ring of strength (right hand)
 Q - the amulet "Aqaont" (around neck) {MR+ Regen+ Str+3 Int+3}
   (You found it in the Dungeon)

   [amulet of regeneration]

   It affects your strength (+3).
   It affects your intelligence (+3).
   It affects your resistance to hostile enchantments.
   It increases your rate of regeneration.
Wands
 m - a wand of iceblast (3)
 E - a wand of paralysis (4)
Scrolls
 j - 2 scrolls of blinking
 k - 8 scrolls of remove curse
 l - 2 scrolls of amnesia
 s - 4 scrolls of fog
 t - 3 scrolls of fear
 M - 4 scrolls of identify
Potions
 d - 2 potions of brilliance
 e - 7 potions of curing
 f - 11 potions of heal wounds
 g - 10 potions of haste
 h - 9 potions of magic
 i - 4 potions of resistance
 w - a potion of mutation
 x - 2 potions of might
 z - a potion of lignification
 A - 2 potions of ambrosia
 B - a potion of invisibility
 F - 3 potions of stabbing
Miscellaneous
 J - a phantom mirror


   Skills:
 O Level 27 Fighting
   Level 22.7(27) Axes
 O Level 27 Maces & Flails
 O Level 27 Throwing
 O Level 27 Armour
 O Level 27 Dodging
 O Level 27 Stealth
 O Level 27 Shields
 + Level 15.7(20.7) Unarmed Combat
 - Level 1.1 Spellcasting
 O Level 27 Invocations
 O Level 27 Evocations


You had 22 spell levels left.
You didn't know any spells.
Your spell library was empty.

Dungeon Overview and Level Annotations

Branches:
Dungeon (1/1)

Altars:
Cheibriados
Dithmenos
Elyvilon
Fedhas
Gozag
Hepliaklqana
Kikubaaqudgha
Makhleb
Nemelex Xobeh
Okawaru
Qazlal
Ru
Sif Muna
Trog
Uskayaw
Vehumet
Wu Jian
Xom
Yredelemnul
Zin
The Shining One
Beogh
Jiyva
Lugonu

Shops:
D *!([

Annotations:
D Gloorx Vloq, Mnoleg


Innate Abilities, Weirdness & Mutations

You reflexively headbutt those who attack you in melee.
You have a pair of horns on your head.
You tend to lose your temper in combat.
You are resistant to hostile enchantments. (MR+)
Your muscles are strong. (Str +2)
Your spells are a little easier to cast, but a little less powerful.


Message History

The Executioner completely misses you. You block the Executioner's attack.
Mnoleg buzzes, "Embrace thy dedition, thou tasty snacklet!"
You closely miss Gloorx Vloq. You headbutt Gloorx Vloq.
Gloorx Vloq is severely wounded.
You are engulfed in dark miasma.
* * * LOW HITPOINT WARNING * * *
x2 You feel very sick.
You block Gloorx Vloq's attack. You block the Executioner's attack.
The Executioner completely misses you. You block the Executioner's attack.
Gloorx Vloq calls on the powers of darkness!
Your body is wracked with pain!
* * * LOW HITPOINT WARNING * * *
The Executioner barely misses you. You furiously retaliate!
You headbutt the Executioner!!
The Executioner hits you but does no damage. x2
You thrash Gloorx Vloq!!
You headbutt Gloorx Vloq, but do no damage.
Gloorx Vloq is severely wounded.
You are engulfed in dark miasma.
You die...

▓▓▓▓▓▓▓▓▓▓▓▓▓▓▓▓▓▓▓▓
...▓...▓...▓...▓X1.▓
.▓.▓.▓.▓.▓)▓.▓.▓&▓.▓
.▓.▓.▓.▓.▓.▓.▓.▓1▓.▓
.▓[▓.▓.▓.▓)▓.▓.▓&▓.▓
.▓)▓.▓.▓.▓)▓.▓.▓@▓.▓
.▓.▓.▓.▓.▓)▓.▓'▓1▓.▓
.▓)▓.▓.▓.▓)▓.▓.▓.▓.▓
.▓)▓.▓.▓.▓)▓.▓.▓.▓&▓
.▓.▓.▓)▓.▓.▓.▓.▓.▓.▓
.▓.▓.▓'▓.▓.▓.▓.▓.▓.▓
.▓.▓.▓.▓.▓.▓.▓.▓.▓.▓
.▓.▓.▓.▓.▓.▓.▓.▓.▓.▓
.▓.▓.▓.▓.▓.▓.▓.▓.▓.▓


You could see Gloorx Vloq, Mnoleg, a tentacled monstrosity (summoned) and 3
Executioners.

Vanquished Creatures
  Asmodeus (D)
  the Royal Jelly (D)
  4 orbs of fire (D)
  Mara (D)
  6 ancient liches (D)
  Sojobo (D)
  5 greater mummies (D)
  Boris (D)
  Margery (D)
  Saint Roka (D)
  A curse toe (D)
  Geryon (D)
  4 golden dragons (D)
  A bone dragon (D)
  An electric golem (D)
  5 tentacled monstrosities (D)
  29 Orb Guardians (D)
  2 liches (D)
  3 deep elf blademasters (D)
  3 quicksilver dragons (D)
  14 acid blobs (D)
  3 deep elf master archers (D)
  12 sphinxes (D)
  Agnes (D)
  Kirke (D)
  3 death cobs (D)
  4 storm dragons (D)
  3 tengu reavers (D)
  7 shadow dragons (D)
  Ilsuiw (D)
  3 draconian monks (D)
  7 azure jellies (D)
  2 fire giants (D)
  3 nagarajas (D)
  2 vault wardens (D)
  3 deep elf sorcerers (D)
  2 frost giants (D)
  A draconian knight (D)
  Louise (D)
  3 draconian shifters (D)
  3 draconian stormcallers (D)
  7 emperor scorpions (D)
  A war gargoyle (D)
  4 stone giants (D)
  Nessos (D)
  A starcursed mass (D)
  3 very ugly things (D)
  2 deep elf demonologists (D)
  9 vampire knights (D)
  3 red draconians (D)
  5 white draconians (D)
  A black draconian (D)
  2 green draconians (D)
  5 purple draconians (D)
  A deep elf death mage (D)
  2 merfolk javelineers (D)
  5 mummy priests (D)
  2 deep elf high priests (D)
  3 ettins (D)
  Snorg (D)
  2 merfolk impalers (D)
  A fire dragon (D)
  4 death oozes (D)
  25 vault guards (D)
  3 yaktaur captains (D)
  5 ice dragons (D)
  A boulder beetle (D)
  9 hydras (D)
  5 naga warriors (D)
  A shambling mangrove (D)
  A death knight (D)
  A spriggan air mage (D)
  An ogre mage (D)
  7 merfolk aquamancers (D)
  A merfolk avatar (D)
  A two-headed ogre (D)
  2 centaur warriors (D)
  3 deep troll earth magi (D)
  A spriggan berserker (D)
  A thrashing horror (D)
  2 shock serpents (D)
  Nergalle (D)
  Sonja (D)
  4 hell knights (D)
  A sea snake (D)
  3 spriggan druids (D)
  5 ironbrand convokers (D)
  A harpy (shapeshifter) (D)
  2 naga ritualists (D)
  6 swamp dragons (D)
  A wizard (D)
  An orb spider (D)
  4 necromancers (D)
  7 orc knights (D)
  6 wolf spiders (D)
  An ugly thing (D)
  A manticore (shapeshifter) (D)
  7 orc sorcerers (D)
  A manticore (D)
  A cyclops (D)
  6 moths of wrath (D)
  A merfolk siren (D)
  An elephant (D)
  5 guardian serpents (D)
  6 vault sentinels (D)
  A water nymph (D)
  6 cane toads (D)
  A naga mage (D)
  A torpor snail (D)
  A rime drake (D)
  3 freezing wraiths (D)
  2 demonic crawlers (D)
  4 yaktaurs (D)
  A wandering mushroom (D)
  18 guardian mummies (D)
  2 ancient zymes (D)
  3 trolls (D)
  2 small abominations (D)
  2 merfolk (D)
  A jumping spider (shapeshifter) (D)
  A tyrant leech (D)
  A wind drake (D)
  2 jumping spiders (D)
  2 hornets (D)
  A large abomination (D)
  2 blink frogs (D)
  3 slime creatures (D)
  A snapping turtle (D)
  A bog body (D)
  11 spriggans (D)
  3 yaks (D)
  A tarantella (D)
  Eustachio (D)
  A wyvern (D)
  A golden eye (D)
  A basilisk (D)
  3 vampire mosquitoes (D)
  4 nagas (D)
  3 water moccasins (D)
  4 floating eyes (D)
  A floating eye (shapeshifter) (D)
  12 orc warriors (D)
  A black bear (D)
  A swamp drake (D)
  A black bear (shapeshifter) (D)
  An ogre (D)
  A boggart (D)
  4 bullfrogs (D)
  A scorpion (D)
  A killer bee (shapeshifter) (D)
  2 wights (D)
  A jelly (D)
  A hound (D)
  5 orc priests (D)
  An iron imp (D)
  10 orc wizards (D)
  2 worker ants (D)
  An adder (D)
  A shadow imp (D)
  An ooze (D)
  2 adder zombies (D)
  An adder skeleton (D)
  6 orcs (D)
  A bat zombie (D)
  2 hobgoblins (D)
  A jackal zombie (D)
  A kobold (D)
  A leopard gecko zombie (D)
  2 rats (D)
  2 crawling corpses (D)
522 creatures vanquished.

Vanquished Creatures (others)
  A shadow dragon (D)
  A fire giant (D)
  An ice dragon (D)
  A merfolk aquamancer (D)
  A human (D)
5 creatures vanquished.

Grand Total: 527 creatures vanquished

Notes
Turn   | Place    | Note
-------+----------+-------------------------------------------
     0 | D        | mhtbhm the Minotaur Fighter began the quest for the Orb.
     0 | D        | Reached XP level 1. HP: 19/19 MP: 0/0
    33 | D        | Noticed an ogre
    33 | D        | Noticed a hound
    36 | D        | Reached XP level 2. HP: 28/28 MP: 1/1
    38 | D        | Killed an ogre
    38 | D        | Reached XP level 3. HP: 38/38 MP: 2/2
    38 | D        | Reached XP level 4. HP: 45/45 MP: 3/3
    55 | D        | Found a roughly hewn altar of Beogh.
    55 | D        | Found a snail-covered altar of Cheibriados.
    55 | D        | Found a shadowy altar of Dithmenos.
    55 | D        | Found a white marble altar of Elyvilon.
    55 | D        | Found a blossoming altar of Fedhas.
    55 | D        | Found an opulent altar of Gozag.
    56 | D        | Found a hazy altar of Hepliaklqana.
    57 | D        | Found a viscous altar of Jiyva.
    58 | D        | Found an ancient bone altar of Kikubaaqudgha.
    59 | D        | Found a corrupted altar of Lugonu.
    60 | D        | Found a burning altar of Makhleb.
    61 | D        | Found a sparkling altar of Nemelex Xobeh.
    62 | D        | Found an iron altar of Okawaru.
    63 | D        | Found a stormy altar of Qazlal.
    64 | D        | Found a sacrificial altar of Ru.
    65 | D        | Found a shimmering blue altar of Sif Muna.
    66 | D        | Found a bloodstained altar of Trog.
    67 | D        | Found a hide-covered altar of Uskayaw.
    68 | D        | Found a radiant altar of Vehumet.
    69 | D        | Found an ornate altar of the Wu Jian Council.
    70 | D        | Found a shimmering altar of Xom.
    71 | D        | Found a basalt altar of Yredelemnul.
    72 | D        | Found a glowing silver altar of Zin.
    76 | D        | Became a worshipper of Warmaster Okawaru
    80 | D        | Found a glowing golden altar of the Shining One.
   133 | D        | Noticed a troll
   133 | D        | Noticed a bullfrog
   139 | D        | Killed a troll
   139 | D        | Reached skill level 1 in Dodging
   139 | D        | Reached XP level 5. HP: 20/57 MP: 4/4
   139 | D        | Reached XP level 6. HP: 22/63 MP: 5/5
   141 | D        | Reached * piety under Okawaru
   141 | D        | Reached skill level 10 in Shields
   147 | D        | Reached XP level 7. HP: 27/71 MP: 6/6
   355 | D        | Noticed a two-headed ogre
   355 | D        | Noticed a seven-headed hydra
   360 | D        | Killed a two-headed ogre
   360 | D        | Reached ** piety under Okawaru
   360 | D        | Reached *** piety under Okawaru
   360 | D        | Reached skill level 10 in Fighting
   360 | D        | Reached skill level 10 in Maces & Flails
   360 | D        | Reached skill level 10 in Armour
   360 | D        | Reached XP level 8. HP: 27/81 MP: 4/7
   363 | D        | Killed a seven-headed hydra
   363 | D        | Reached **** piety under Okawaru
   617 | D        | Noticed Eustachio
   625 | D        | Killed Eustachio
   625 | D        | Reached XP level 9. HP: 89/89 MP: 8/8
   706 | D        | Noticed a six-headed hydra
   706 | D        | Noticed a seven-headed hydra
   706 | D        | Noticed a cane toad
   715 | D        | Killed a six-headed hydra
   715 | D        | Received a gift from Okawaru
   715 | D        | Reached ***** piety under Okawaru
   715 | D        | Reached skill level 5 in Dodging
   720 | D        | Killed a seven-headed hydra
   723 | D        | Reached skill level 1 in Invocations
   728 | D        | Killed a cane toad
   728 | D        | Received a gift from Okawaru
   728 | D        | Reached XP level 10. HP: 36/99 MP: 6/9
   744 | D        | Reached skill level 15 in Maces & Flails
  1047 | D        | Noticed a six-headed hydra
  1048 | D        | Noticed a six-headed hydra
  1051 | D        | Noticed an elephant
  1061 | D        | Killed a six-headed hydra
  1067 | D        | Killed a six-headed hydra
  1079 | D        | Reached skill level 15 in Shields
  1090 | D        | Killed an elephant
  1262 | D        | Noticed a cane toad
  1262 | D        | Noticed a cane toad
  1270 | D        | Noticed a cane toad
  1273 | D        | Reached ****** piety under Okawaru
  1273 | D        | Received a gift from Okawaru
  1275 | D        | Killed a cane toad
  1286 | D        | Reached XP level 11. HP: 96/108 MP: 11/11
  1465 | D        | Noticed Sonja
  1473 | D        | Killed Sonja
  1703 | D        | Noticed an orc knight
  1716 | D        | Killed an orc knight
  2060 | D        | Noticed an orc knight
  2067 | D        | Noticed an orc knight
  2070 | D        | Reached skill level 1 in Evocations
  2071 | D        | Noticed an orc knight
  2076 | D        | Killed an orc knight
  2097 | D        | Killed an orc knight
  2110 | D        | Killed an orc knight
  2206 | D        | Found Anel's Assorted Antiques.
  2206 | D        | Noticed an orc sorcerer
  2206 | D        | Noticed an orc sorcerer
  2206 | D        | Noticed an orc sorcerer
  2212 | D        | Killed an orc sorcerer
  2212 | D        | Reached skill level 15 in Fighting
  2213 | D        | Noticed an orc sorcerer
  2218 | D        | Killed an orc sorcerer
  2218 | D        | Received a gift from Okawaru
  2218 | D        | Reached skill level 1 in Throwing
  2219 | D        | Found Weommuip's Distillery.
  2219 | D        | Noticed an orc sorcerer
  2226 | D        | Killed an orc sorcerer
  2228 | D        | Killed an orc sorcerer
  2232 | D        | Killed an orc sorcerer
  2240 | D        | Found Zukhlaott's Antique Weapon Emporium.
  2244 | D        | Found Xecral Efee's Armour Shoppe.
  2246 | D        | Noticed an orc sorcerer
  2247 | D        | Noticed an orc sorcerer
  2252 | D        | Killed an orc sorcerer
  2262 | D        | Killed an orc sorcerer
  2298 | D        | Bought a faintly glowing copper ring for 130 gold pieces
  2308 | D        | Bought a potion of curing for 36 gold pieces
  2308 | D        | Bought 2 potions of curing for 72 gold pieces
  2308 | D        | Bought a potion of heal wounds for 60 gold pieces
  2308 | D        | Bought a potion of mutation for 96 gold pieces
  2308 | D        | Bought a potion of might for 48 gold pieces
  2310 | D        | Bought a fizzy golden potion for 23 gold pieces
  2310 | D        | Bought a smoky coppery potion for 23 gold pieces
  2310 | D        | Bought a potion of invisibility for 208 gold pieces
  2310 | D        | Bought an embroidered hat for 182 gold pieces
  2310 | D        | Bought a ring of strength for 52 gold pieces
  2313 | D        | Identified the ring of Stoicism {*Contam rElec rF+ SInv}
                  | (You bought it in a shop in the Dungeon)
  2560 | D        | Noticed a white ugly thing
  2566 | D        | Killed a white ugly thing
  2571 | D        | Noticed a harpy
  2573 | D        | Reached XP level 12. HP: 117/122 MP: 12/12
  2573 | D        | Noticed an ice dragon
  2577 | D        | Noticed a fire giant
  2586 | D        | Received a gift from Okawaru
  2599 | D        | Noticed a centaur warrior
  2601 | D        | Killed an ice dragon
  2608 | D        | Killed a fire giant
  2608 | D        | Reached skill level 10 in Dodging
  2617 | D        | Noticed a lich
  2620 | D        | Killed a centaur warrior
  2629 | D        | Received a gift from Okawaru
  2635 | D        | Killed a lich
  2650 | D        | Got a brightly glowing war axe {god gift}
  2651 | D        | Identified the +7 war axe of Bright Action {speed, Int+3}
                  | (Okawaru gifted it to you in the Dungeon)
  2872 | D        | Noticed Saint Roka
  2902 | D        | Killed Saint Roka
  2902 | D        | Reached skill level 5 in Axes
  3166 | D        | Noticed a shambling mangrove
  3180 | D        | Reached XP level 13. HP: 69/134 MP: 14/14
  3197 | D        | Paralysed by a hornet for 3 turns
  3221 | D        | Noticed an emperor scorpion
  3237 | D        | Killed an emperor scorpion
  3237 | D        | Reached skill level 10 in Axes
  3243 | D        | HP: 1/134 [snapping turtle[a spriggan druid] (18)]
  3722 | D        | Received a gift from Okawaru
  3839 | D        | Noticed a merfolk impaler
  3876 | D        | Killed a merfolk impaler
  4242 | D        | Reached skill level 15 in Axes
  4629 | D        | Noticed Nessos
  4630 | D        | Paralysed by Nessos for 3 turns
  4642 | D        | Paralysed by Nessos for 6 turns
  4657 | D        | Paralysed by Nessos for 5 turns
  4664 | D        | Killed Nessos
  4664 | D        | Reached skill level 15 in Armour
  4922 | D        | Noticed Agnes
  4942 | D        | Killed Agnes
  4988 | D        | Noticed Nergalle
  4997 | D        | Killed Nergalle
  5007 | D        | Reached XP level 14. HP: 121/147 MP: 15/15
  5093 | D        | Noticed a frost giant
  5093 | D        | Noticed a fire giant
  5094 | D        | Noticed a fire giant
  5099 | D        | Killed a frost giant
  5099 | D        | Received a gift from Okawaru
  5118 | D        | Killed a fire giant
  5119 | D        | Noticed a cyan very ugly thing
  5127 | D        | Noticed a tengu reaver
  5131 | D        | Noticed a shadow dragon
  5136 | D        | Killed a fire giant
  5136 | D        | Noticed a frost giant
  5141 | D        | Killed a cyan very ugly thing
  5152 | D        | Killed a tengu reaver
  5160 | D        | Killed a shadow dragon
  5161 | D        | HP: 5/149 [frost giant/bolt of cold (30)]
  5344 | D        | Killed a frost giant
  5707 | D        | Noticed a stone giant
  5724 | D        | Killed a stone giant
  5902 | D        | Noticed a purple very ugly thing
  5913 | D        | Killed a purple very ugly thing
  5917 | D        | Received a gift from Okawaru
  5971 | D        | Noticed a vault warden
  6004 | D        | Killed a vault warden
  6011 | D        | Received a gift from Okawaru
  6041 | D        | Noticed a stone giant
  6050 | D        | Noticed a brown very ugly thing
  6061 | D        | Killed a stone giant
  6073 | D        | Killed a brown very ugly thing
  6195 | D        | Noticed a tengu reaver
  6197 | D        | Noticed Sojobo
  6199 | D        | Noticed a tengu reaver
  6204 | D        | Killed a tengu reaver
  6204 | D        | Reached XP level 15. HP: 162/162 MP: 16/16
  6229 | D        | Killed Sojobo
  6229 | D        | Received a gift from Okawaru
  6234 | D        | Killed a tengu reaver
  6532 | D        | Noticed Boris
  6533 | D        | Noticed Mara
  6544 | D        | Noticed mhtbhm's illusion
  6547 | D        | Killed Boris
  6547 | D        | Received a gift from Okawaru
  6547 | D        | Received a gift from Okawaru
  6568 | D        | Killed Mara
  6611 | D        | Noticed Louise
  6624 | D        | Killed Louise
  6717 | D        | Received a gift from Okawaru
  6792 | D        | Got a gossamer rune of Zot
  7073 | D        | Noticed a nagaraja
  7077 | D        | Noticed a nagaraja
  7081 | D        | Killed a nagaraja
  7085 | D        | Received a gift from Okawaru
  7090 | D        | Noticed a nagaraja
  7104 | D        | Killed a nagaraja
  7116 | D        | Killed a nagaraja
  7144 | D        | Got a serpentine rune of Zot
  7331 | D        | Reached XP level 16. HP: 168/180 MP: 18/18
  7356 | D        | Got a decaying rune of Zot
  7542 | D        | Noticed Ilsuiw
  7562 | D        | Killed Ilsuiw
  7573 | D        | Reached skill level 27 in Shields
  7607 | D        | Got a barnacled rune of Zot
  7824 | D        | Reached skill level 27 in Fighting
  7838 | D        | Received a gift from Okawaru
  7976 | D        | Noticed a tentacled monstrosity
  7993 | D        | Killed a tentacled monstrosity
  7993 | D        | Received a gift from Okawaru
  7998 | D        | Reached skill level 5 in Evocations
  7999 | D        | Noticed a shadow dragon
  8014 | D        | Noticed a shadow dragon
  8020 | D        | Killed a shadow dragon
  8020 | D        | Reached skill level 27 in Maces & Flails
  8037 | D        | Killed a shadow dragon
  8037 | D        | Reached skill level 5 in Throwing
  8230 | D        | Noticed a shadow dragon
  8230 | D        | Noticed a quicksilver dragon
  8230 | D        | Noticed a shadow dragon
  8231 | D        | Found the +2 shield of Resistance {rF++ rC++ MR++}
  8236 | D        | Noticed a shadow dragon
  8240 | D        | Noticed a quicksilver dragon
  8252 | D        | Noticed a quicksilver dragon
  8253 | D        | Killed a shadow dragon
  8259 | D        | Killed a quicksilver dragon
  8259 | D        | Reached XP level 17. HP: 85/191 MP: 19/19
  8266 | D        | Killed a quicksilver dragon
  8266 | D        | Killed a quicksilver dragon
  8269 | D        | Reached skill level 10 in Throwing
  8271 | D        | Received a gift from Okawaru
  8277 | D        | Got a silver rune of Zot
  8434 | D        | Noticed Kirke
  8443 | D        | Killed Kirke
  8473 | D        | Noticed Margery
  8491 | D        | Killed Margery
  8491 | D        | Received a gift from Okawaru
  8610 | D        | Got the ring of the Pure Stars {rElec rPois rN++ Str+3
                  | Int-5}
  8612 | D        | Got the ring "Efareup" {+Blink rElec EV+3 Str-2 Dex+6}
  8614 | D        | Got the amulet "Aqaont" {MR+ Regen+ Str+3 Int+3}
  8616 | D        | Got the ring of the Endless Expanse {Wiz Int+6}
  8618 | D        | Got the ring of Zuapliha {Fire Int-2 Dex+6 Stlth+}
  8648 | D        | Got the +5 demon whip "Bysemm" {elec, rElec rPois rN+
                  | Dex+2}
  8775 | D        | Noticed Snorg
  8783 | D        | Killed Snorg
  8818 | D        | Noticed a golden dragon
  8837 | D        | Killed a golden dragon
  8837 | D        | Reached skill level 27 in Armour
  8845 | D        | Reached skill level 15 in Throwing
  8848 | D        | Received a gift from Okawaru
  9041 | D        | Noticed a tentacled monstrosity
  9064 | D        | Killed a tentacled monstrosity
  9064 | D        | Received a gift from Okawaru
  9208 | D        | Reached XP level 18. HP: 148/200 MP: 20/20
  9274 | D        | Noticed a tentacled monstrosity
  9278 | D        | Received a gift from Okawaru
  9279 | D        | Killed a tentacled monstrosity
  9279 | D        | Received a gift from Okawaru
  9286 | D        | Received a gift from Okawaru
  9311 | D        | Noticed a curse toe
  9311 | D        | Noticed a golden dragon
  9312 | D        | Noticed a golden dragon
  9320 | D        | Killed a curse toe
  9320 | D        | Noticed a tentacled monstrosity
  9324 | D        | Killed a golden dragon
  9324 | D        | Killed a golden dragon
  9326 | D        | Killed a tentacled monstrosity
  9326 | D        | Reached skill level 27 in Throwing
  9331 | D        | Reached skill level 5 in Stealth
  9331 | D        | Reached skill level 1 in Spellcasting
  9524 | D        | Noticed an Orb Guardian
  9524 | D        | Noticed an Orb Guardian
  9524 | D        | Noticed an Orb Guardian
  9524 | D        | Noticed an Orb Guardian
  9524 | D        | Noticed an Orb Guardian
  9524 | D        | Noticed an Orb Guardian
  9528 | D        | Killed an Orb Guardian
  9532 | D        | Killed an Orb Guardian
  9532 | D        | Received a gift from Okawaru
  9535 | D        | Killed an Orb Guardian
  9535 | D        | Reached skill level 15 in Dodging
  9540 | D        | Killed an Orb Guardian
  9540 | D        | Reached skill level 5 in Invocations
  9546 | D        | Killed an Orb Guardian
  9547 | D        | Noticed an Orb Guardian
  9551 | D        | Killed an Orb Guardian
  9553 | D        | Noticed an Orb Guardian
  9557 | D        | Killed an Orb Guardian
  9558 | D        | Noticed an Orb Guardian
  9564 | D        | Killed an Orb Guardian
  9571 | D        | Killed an Orb Guardian
  9572 | D        | Noticed an Orb Guardian
  9581 | D        | Killed an Orb Guardian
  9587 | D        | Noticed an Orb Guardian
  9587 | D        | Noticed an Orb Guardian
  9592 | D        | Noticed an Orb Guardian
  9600 | D        | Killed an Orb Guardian
  9613 | D        | Killed an Orb Guardian
  9616 | D        | Noticed an Orb Guardian
  9623 | D        | Killed an Orb Guardian
  9623 | D        | Received a gift from Okawaru
  9626 | D        | Killed an Orb Guardian
  9680 | D        | Noticed an ancient lich
  9686 | D        | Killed an ancient lich
  9686 | D        | Received a gift from Okawaru
  9691 | D        | Noticed an orb of fire
  9712 | D        | Killed an orb of fire
  9712 | D        | Reached XP level 19. HP: 147/207 MP: 20/23
  9715 | D        | Noticed an electric golem
  9727 | D        | Killed an electric golem
  9792 | D        | Noticed an orb of fire
  9792 | D        | Noticed an orb of fire
  9797 | D        | Noticed an ancient lich
  9800 | D        | Gained mutation: Your spells are a little easier to cast,
                  | but a little less powerful. [an orb of fire]
  9801 | D        | Reached skill level 27 in Dodging
  9801 | D        | Reached skill level 10 in Invocations
  9806 | D        | Killed an orb of fire
  9806 | D        | Gained mutation: You are weak. (Str -2) [an orb of fire]
  9808 | D        | Noticed an orb of fire
  9809 | D        | Gained mutation: Your magical capacity is low. (-10% MP)
                  | [an orb of fire]
  9810 | D        | Killed an ancient lich
  9812 | D        | Killed an orb of fire
  9812 | D        | Received a gift from Okawaru
  9817 | D        | Killed an orb of fire
  9822 | D        | Noticed an ancient lich
  9826 | D        | Noticed an ancient lich
  9830 | D        | Noticed a golden dragon
  9836 | D        | Killed an ancient lich
  9836 | D        | Received a gift from Okawaru
  9845 | D        | Killed a golden dragon
  9846 | D        | Killed an ancient lich
  9989 | D        | Lost mutation: Your magical capacity is low. (-10% MP)
                  | [potion of mutation]
  9989 | D        | Lost mutation: You are weak. (Str -2) [potion of mutation]
  9989 | D        | Gained mutation: You tend to lose your temper in combat.
                  | [potion of mutation]
  9989 | D        | Gained mutation: You are resistant to hostile enchantments.
                  | (MR+) [potion of mutation]
  9989 | D        | Gained mutation: Your muscles are strong. (Str +2) [potion
                  | of mutation]
 10026 | D        | Reached skill level 27 in Invocations
 10040 | D        | Reached XP level 20. HP: 216/216 MP: 36/36
 10043 | D        | Reached skill level 10 in Evocations
 10048 | D        | Received a gift from Okawaru
 10048 | D        | Reached skill level 10 in Stealth
 10148 | D        | Noticed an ancient lich
 10148 | D        | Killed an ancient lich
 10158 | D        | Noticed an ancient lich
 10171 | D        | Killed an ancient lich
 10171 | D        | Reached skill level 15 in Stealth
 10171 | D        | Reached skill level 15 in Evocations
 10381 | D        | Received a gift from Okawaru
 10393 | D        | Got an elven rune of Zot
 10461 | D        | Noticed the Royal Jelly
 10468 | D        | Killed the Royal Jelly
 10468 | D        | Received a gift from Okawaru
 10522 | D        | Paralysed by a floating eye for 4 turns
 10532 | D        | Paralysed by a floating eye for 2 turns
 10537 | D        | Reached XP level 21. HP: 68/224 MP: 37/37
 10575 | D        | Got a slimy rune of Zot
 10806 | D        | Received a gift from Okawaru
 10830 | D        | Received a gift from Okawaru
 11122 | D        | Received a gift from Okawaru
 11125 | D        | Noticed a greater mummy
 11137 | D        | Killed a greater mummy
 11346 | D        | Noticed a greater mummy
 11346 | D        | Noticed a greater mummy
 11346 | D        | Noticed a greater mummy
 11502 | D        | Killed a greater mummy
 11545 | D        | Killed a greater mummy
 11553 | D        | Killed a greater mummy
 11593 | D        | Noticed a greater mummy
 11606 | D        | Killed a greater mummy
 11615 | D        | Got a golden rune of Zot
 11757 | D        | Received a gift from Okawaru
 11783 | D        | Got an abyssal rune of Zot
 11936 | D        | Noticed Geryon
 11952 | D        | Killed Geryon
 11952 | D        | Reached skill level 27 in Stealth
 11952 | D        | Reached skill level 27 in Evocations
 11956 | D        | Identified the +7 sceptre of Asmodeus
 11956 | D        | Noticed Asmodeus
 11956 | D        | Noticed Gloorx Vloq
 11956 | D        | Noticed Mnoleg
 11961 | D        | HP: 8/224 [Asmodeus/damnation (26)]
 11989 | D        | Killed Asmodeus
 11989 | D        | Reached skill level 15 in Unarmed Combat
 12015 | D        | HP: 11/224 [poisoned by Gloorx Vloq (dark miasma)]
 12016 | D        | HP: 5/224 [poisoned by Gloorx Vloq (dark miasma)]
 12017 | D        | Engulfed by Gloorx Vloq's foul pestilence

Illustrated notes

Levels and vault maps discovered:
D:        linesprint [early_d, line_temple, items_1, d_10, items_2, lair_1,
          lair_end, items_3, orc_1, orc_end, items_4, d_15, swamp_1, shoals_1,
          snake_1, spider_1, d_20, vaults_1, items_5, swamp_end, shoals_end,
          snake_end, spider_end, vaults_end, d_27, items_6, zot_1, zot_end,
          crypt_end, forest_end, elf_end, slime_end, tomb_end, abyss_end,
          pan_hell_end]

Skill      XL: |  1  2  3  4  5  6  7  8  9 10 11 12 13 14 15 16 17 18 19 20 21 |
---------------+----------------------------------------------------------------+-----
Fighting       | 4 6 9 10 11 12 13 15 17 19 22 25 27 | 27.0
Armour         | 4 6 9 10 11 12 13 14 15 18 20 24 27 | 27.0
Shields        | 4 6 9 10 11 12 13 15 17 19 21 22 26 27 | 27.0
Maces & Flails | 3 6 7 10 12 14 17 19 21 27 | 27.0
Dodging        | 1 2 3 4 5 7 9 11 26 27 | 27.0
Stealth        | 2 3 4 6 9 22 27 | 27.0
Invocations    | 1 2 3 4 7 27 | 27.0
Evocations     | 2 3 6 7 9 22 27 | 27.0
Throwing       | 2 4 7 23 27 | 27.0
Axes           | 7 16 21 22 | 22.7
Unarmed Combat | 2 15 | 15.7
Spellcasting   | 1 |  1.1

Action                   |  1- 3 |  4- 6 |  7- 9 | 10-12 | 13-15 | 16-18 | 19-21 || total
-------------------------+-------+-------+-------+-------+-------+-------+-------++-------
Melee: Flail             |    13 |    10 |       |       |       |       |       ||    23
       Headbutt          |     4 |     2 |    16 |    88 |   201 |   213 |    97 ||   621
       Morningstar       |       |    13 |    40 |   296 |       |       |       ||   349
       War axe           |       |       |       |    54 |   508 |       |       ||   562
       Eveningstar       |       |       |       |       |   149 |   353 |       ||   502
       Demon whip        |       |       |       |       |       |   308 |   281 ||   589
Throw: Dart              |       |       |       |     8 |       |     5 |       ||    13
       Javelin           |       |       |       |       |       |    29 |    91 ||   120
Invok: Heroism           |       |       |     2 |     2 |     3 |     2 |     1 ||    10
 Abil: Stop Flying       |       |       |       |     1 |     1 |     1 |       ||     3
       Evoke Flight      |       |       |       |       |     1 |     1 |       ||     2
Evoke: Wand              |       |       |       |     6 |     1 |       |       ||     7
  Use: Potion            |     1 |     1 |     1 |     1 |     4 |       |     7 ||    15
       Scroll            |       |       |       |     2 |     1 |     9 |     7 ||    19
 Stab: Invisible         |       |     4 |       |       |       |       |       ||     4
Armor: Scale mail        |     3 |    11 |    22 |    51 |    17 |       |       ||   104
       Crystal plate arm |       |       |       |       |    85 |       |       ||    85
       Gold dragon scale |       |       |       |       |    97 |   157 |    51 ||   305
Dodge: Dodged            |     1 |    10 |    17 |    81 |   124 |    99 |    68 ||   400
Block: Kite shield       |     5 |    14 |    34 |   144 |   321 |   298 |   158 ||   974

Table legend: (Time is in decaauts) A = Elapsed time spent in this place. B = Non-inter-level travel time spent in this place. C = Inter-level travel time spent in this place. D = Time resting spent in this place. E = Time spent auto-exploring this place. F = Levels seen in this place. G = Mean time per level. A B C D E F G +--------+--------+--------+--------+--------+-----+--------+ Total | 11235 | 11235 | 0 | 5223 | 1338 | 1 | 11235.0 | Dungeon | 11235 | 11235 | 0 | 5223 | 1338 | 1 | 11235.0 | +--------+--------+--------+--------+--------+-----+--------+

Top non-repeatable levels by time:
       D: 11235 daAuts
